 Dungeon Crawl Stone Soup version 0.17-a0-1646-geb1493d (webtiles) character file.

14035 Nebulos the Blocker (level 12, -12/77 HPs)
             Began as a Gargoyle Fighter on Aug 10, 2015.
             Was a High Priest of Okawaru.
             Killed from afar by a salamander stormcaller (30 damage)
             ... with a great blast of fire
             ... on level 11 of the Dungeon.
             The game lasted 00:48:24 (8052 turns).

Nebulos the Blocker (Gargoyle Fighter)              Turns: 8052, Time: 00:48:25

Health: -12/77     AC: 30    Str: 28    XL:     12   Next: 12%
Magic:  0/12       EV: 28    Int: 11    God:    Okawaru [*****.]
Gold:   300        SH: 15    Dex: 22    Spells: 0 memorised, 11 levels left

rFire  . . .     SeeInvis +     z - +10 rapier "Poammuuz" {drain, rElec rPois MR+ Dex-2}
rCold  . . .     Clarity  .     r - +5 ring mail
rNeg   + . .     SustAt   .     c - +0 shield
rPois  ∞         Gourm    .     U - +1 hat {SInv}
rElec  +         Spirit   +     (no cloak)
rCorr  .         Warding  .     I - +0 pair of gloves
rMut   .         Stasis   .     R - +1 pair of boots "Qutzec" {MR+ Stlth+}
MR     ++...                    b - amulet of guardian spirit
Stlth  +++++.....               m - +5 ring of dexterity
                                i - +5 ring of dexterity

@: mighty, agile, exhausted, heroism, slowed, very slow, very resistant to
hostile enchantments, quite stealthy
A: antennae 1, hooves 2, slimy green scales 1, yellow scales 1, blurry vision 1,
negative energy resistance 1, regeneration 1, electricity resistance,
unbreathing, petrification resistance, rot immunity, AC +8
a: Heroism, Finesse, Renounce Religion


You were on level 11 of the Dungeon.
You worshipped Okawaru.
Okawaru was extremely pleased with you.
You were hungry.

You visited 1 branch of the dungeon, and saw 11 of its levels.

You collected 656 gold pieces.
You spent 356 gold pieces at shops.

Inventory:

Hand weapons
 h - a +2 antimagic flail
 z - the +10 rapier "Poammuuz" (weapon) {drain, rElec rPois MR+ Dex-2}
   (You found it on level 7 of the Dungeon)

   A truly terrible weapon, it drains the life of those it strikes.
   It affects your dexterity (-2).
   It insulates you from electricity.
   It protects you from poison.
   It affects your resistance to hostile enchantments.
Missiles
 D - 16 tomahawks (quivered)
 E - 6 javelins of penetration
 S - 4 poisoned javelins
Armour
 c - a +0 shield (worn)
 r - a +5 ring mail (worn)
 w - the +1 plate armour "Ahall" {+Fly rF+ rC+ Slay-3}
   (You found it on level 4 of the Dungeon)

   It affects your accuracy and damage with ranged weapons and melee attacks
   (-3).
   It protects you from fire.
   It protects you from cold.
   It lets you fly.
 I - a +0 pair of gloves (worn)
 R - the +1 pair of boots "Qutzec" (worn) {MR+ Stlth+}
   (Okawaru gifted it to you on level 10 of the Dungeon)

   It affects your resistance to hostile enchantments.
   It makes you more stealthy.
 U - a +1 hat of see invisible (worn)
Jewellery
 b - an amulet of guardian spirit (around neck)
 i - a +5 ring of dexterity (left hand)
 m - a +5 ring of dexterity (right hand)
 q - an uncursed ring of sustain attributes {unknown}
 y - an uncursed ring of see invisible
Magical devices
 B - a wand of teleportation (4)
 G - a wand of flame (20)
 L - a wand of paralysis (9)
 N - a wand of random effects (11)
Scrolls
 a - 2 scrolls of amnesia
 j - 6 scrolls of enchant weapon
 k - 2 scrolls of fear {unknown}
 n - 2 scrolls of recharging
 p - a scroll of acquirement
 t - 4 scrolls of remove curse
 u - a scroll of fog
 v - 2 scrolls of enchant armour
 x - a scroll of random uselessness {unknown}
 A - 4 scrolls of identify
 C - 3 scrolls of teleportation
 K - 2 scrolls of blinking
 O - a scroll of silence {unknown}
Potions
 g - 4 potions of curing
 H - a potion of brilliance
 J - a potion of magic
 P - a potion of cancellation
Books
 Q - a book of Alchemy

   Spells                             Type                      Level
   a - Sublimation of Blood           Necromancy                   2
   b - Ignite Poison                  Fire/Transmutation/Poison    3
   c - Alistair's Intoxication        Transmutation/Poison         4
   d - Condensation Shield            Ice                          4
   e - Petrify                        Transmutation/Earth          4
   f - Irradiate                      Conjuration/Transmutation    5
Comestibles
 e - 6 bread rations
 f - 4 beef jerkies
 l - 10 meat rations
 o - 8 slices of pizza
 M - 13 fruits


   Skills:
 * Level 9.7(14.7) Fighting
 * Level 7.6(12.6) Short Blades
 + Level 5.5(10.5) Maces & Flails
 + Level 4.0(9.0) Throwing
 + Level 6.5(11.5) Armour
 + Level 7.5(12.5) Dodging
 + Level 1.9(6.9) Stealth
 + Level 10.1(15.1) Shields
 + Level 1.3 Invocations


You had 11 spell levels left.
You didn't know any spells.

Dungeon Overview and Level Annotations

Branches:
Dungeon (11/15)            Temple (0/1) D:5            Lair (0/8) D:10
    Orc: D:9-12

Altars:
Cheibriados
Okawaru
Qazlal
Ru
Vehumet
Xom
Yredelemnul
Zin

Shops:
D:4 =   D:6 }   D:7 !   D:8 ?   D:10 *


Innate Abilities, Weirdness & Mutations

You are resistant to torment.
Your stone body is resilient (AC +8).
You are immune to poison.
You resist negative energy.
You are resistant to electric shocks.
You can survive without breathing.
You are immune to petrification.
You are immune to rotting.
You have a pair of small antennae on your head.
You have hoof-like feet.
You are partially covered in slimy green scales (AC +2).
You are partially covered in yellow scales (AC +2).
Scrolls take you a little longer to read.
Your natural rate of healing is unusually fast.


Message History

You are feeling hungry.
You puncture the salamander stormcaller!
The salamander stormcaller is heavily wounded.
You are covered in liquid flames!
* * * LOW HITPOINT WARNING * * *
The salamander stormcaller begins to chant a fire storm spell!
The deep elf annihilator gestures at you while chanting.
You block the poison arrow.
Drink which item? (? for menu, Esc to quit)
You feel better.
You are covered in liquid flames!
The deep elf annihilator mumbles some strange words.
The deep elf annihilator blinks!
Drink which item? (? for menu, Esc to quit)
You feel very mighty all of a sudden.
You are covered in liquid flames!
* * * LOW HITPOINT WARNING * * *
The salamander stormcaller casts a spell at you.
A raging storm of fire appears!
The great blast of fire engulfs you!
You die...

#....# #....##+##
#....#...# # #....#...'
.# ######## #....#...#
.[# #.......
#....##§###### #.......
#....#...#...# ###.....
######.).N...+ #....#
#.[@#...# #....#
##'######### #....# #..#
#...# #....# #..# #...#
#....# #..# #...####....#
#######..####.....>.....#
#.......................#
#.......................#
#...............#####...#


You could see a salamander stormcaller.

Vanquished Creatures
  Gastronok (D:11)
  A hydra (D:10)
  A tengu warrior (D:11)
  Nergalle (D:11)
  A hill giant (D:10)
  2 ugly things (D:11)
  A troll (D:11)
  6 slime creatures (D:10)
  3 deep elf magi
  A wraith (D:11)
  8 yaks
  A hippogriff (D:8)
  2 vampire mosquitoes (D:9)
  A basilisk (D:11)
  2 hungry ghosts
  Edmund (D:5)
  2 ice beasts
  3 orc warriors
  3 water moccasins
  An eye of draining (D:10)
  2 necrophages
  2 sky beasts
  A black bear (D:10)
  3 centaurs
  3 phantoms
  8 ogres
  3 big kobolds (D:10)
  7 giant frogs
  A crocodile (D:10)
  A wyvern zombie (D:8)
  A water moccasin zombie (D:8)
  6 killer bees (D:8)
  2 quasits
  A centaur zombie (D:5)
  4 orc priests
  6 hounds
  A giant frog skeleton (D:10)
  8 crimson imps
  2 jellies
  10 orc wizards
  3 iguanas
  A centaur skeleton (D:4)
  12 worker ants
  A killer bee zombie (D:6)
  2 sheep (D:10)
  2 hound zombies
  3 gnolls (D:8)
  2 shadow imps (D:5)
  13 adders
  2 worms (D:5)
  2 adder skeletons
  2 giant geckos
  34 orcs
  A ball python (D:2)
  4 giant cockroaches
  6 hobgoblins
  7 kobolds
  3 quokkas
  12 bats
  A giant cockroach zombie (D:6)
  3 giant newts
  17 goblins
  A quokka zombie (D:8)
  9 rats
257 creatures vanquished.

Notes
Turn   | Place    | Note
--------------------------------------------------------------
     0 | D:1      | Nebulos the Gargoyle Fighter began the quest for the Orb.
     0 | D:1      | Reached XP level 1. HP: 14/14 MP: 1/1
   336 | D:1      | Reached XP level 2. HP: 19/19 MP: 2/2
   505 | D:2      | Found a sacrificial altar of Ru.
   534 | D:2      | Reached skill level 4 in Shields
   534 | D:2      | Reached XP level 3. HP: 19/24 MP: 3/3
   865 | D:2      | Reached XP level 4. HP: 24/29 MP: 4/4
  1054 | D:2      | Reached skill level 1 in Dodging
  1227 | D:3      | Found an iron altar of Okawaru.
  1329 | D:3      | Found a radiant altar of Vehumet.
  1414 | D:3      | Found a stormy altar of Qazlal.
  1461 | D:3      | Reached XP level 5. HP: 20/33 MP: 5/5
  1505 | D:3      | Became a worshipper of Warmaster Okawaru
  1528 | D:3      | Found a faded altar to an unknown god.
  1892 | D:4      | Got a faintly humming plate armour
  1903 | D:4      | Identified the +1 plate armour "Ahall" {+Fly rF+ rC+ Slay-3} (You found it on level 4 of the Dungeon)
  1982 | D:4      | Noticed a sky beast
  1998 | D:4      | Killed a sky beast
  1998 | D:4      | Reached XP level 6. HP: 29/38 MP: 6/6
  2472 | D:4      | Acquired Okawaru's first power
  2472 | D:4      | Reached skill level 5 in Shields
  2538 | D:4      | Found Hyonitom's Jewellery Emporium.
  2546 | D:4      | Bought a cursed ring of see invisible for 156 gold pieces
  2605 | D:4      | Gained mutation: You are weak. (Str -2) [potion of mutation]
  2605 | D:4      | Gained mutation: You have a pair of small antennae on your head. [potion of mutation]
  2606 | D:4      | Gained mutation: Your natural rate of healing is unusually fast. [potion of mutation]
  2606 | D:4      | Gained mutation: Scrolls take you a little longer to read. [potion of mutation]
  2650 | D:5      | Entered Level 5 of the Dungeon
  2653 | D:5      | Found a staircase to the Ecumenical Temple.
  2679 | D:5      | Reached XP level 7. HP: 32/44 MP: 4/7
  2944 | D:5      | Reached skill level 5 in Fighting
  3113 | D:5      | Reached XP level 8. HP: 46/50 MP: 6/8
  3131 | D:5      | Noticed Edmund
  3168 | D:5      | Killed Edmund
  3202 | D:5      | Reached skill level 6 in Shields
  3399 | D:6      | Lost mutation: You are weak. (Str -2) [potion of mutation]
  3399 | D:6      | Gained mutation: You expend magic power (3 MP) to strengthen your wands. [potion of mutation]
  3399 | D:6      | Gained mutation: You have large cloven feet. [potion of mutation]
  3437 | D:6      | Reached skill level 5 in Armour
  3592 | D:6      | Gained mutation: You have hoof-like feet. [mutagenic meat]
  3593 | D:6      | Lost mutation: You expend magic power (3 MP) to strengthen your wands. [mutagenic meat]
  3594 | D:6      | Gained mutation: You are partially covered in slimy green scales (AC +2). [mutagenic meat]
  3595 | D:6      | Gained mutation: You are partially covered in yellow scales (AC +2). [mutagenic meat]
  3635 | D:6      | Found Tanak Tokh's Gadget Shop.
  3707 | D:6      | Reached skill level 5 in Maces & Flails
  3707 | D:6      | Reached XP level 9. HP: 52/56 MP: 3/9
  3805 | D:6      | Reached skill level 7 in Shields
  3858 | D:6      | Found a shimmering altar of Xom.
  3909 | D:6      | Reached skill level 1 in Stealth
  4081 | D:6      | Found a basalt altar of Yredelemnul.
  4092 | D:6      | Found a sacrificial altar of Ru.
  4230 | D:6      | Found a glowing silver altar of Zin.
  4331 | D:7      | Received a gift from Okawaru
  4388 | D:7      | Found Jiorom's Distillery.
  4406 | D:7      | Bought a potion of heal wounds for 65 gold pieces
  4415 | D:7      | Bought a potion of heal wounds for 65 gold pieces
  4428 | D:7      | Got a transparent rapier
  4431 | D:7      | Identified the +10 rapier "Poammuuz" {drain, rElec rPois MR+ Dex-2} (You found it on level 7 of the Dungeon)
  4552 | D:7      | Reached skill level 1 in Throwing
  4627 | D:7      | Found a snail-covered altar of Cheibriados.
  4884 | D:8      | Reached skill level 1 in Short Blades
  4930 | D:8      | Reached skill level 5 in Dodging
  4939 | D:8      | Found Caddy's Magic Scroll Boutique.
  4949 | D:8      | Bought a scroll of teleportation for 30 gold pieces
  4949 | D:8      | Bought a scroll of identify for 20 gold pieces
  4949 | D:8      | Bought a scroll of identify for 20 gold pieces
  5236 | D:8      | Reached XP level 10. HP: 62/64 MP: 10/10
  5657 | D:8      | Reached skill level 8 in Shields
  5859 | D:9      | Acquired Okawaru's second power
  6033 | D:9      | Identified a scroll of acquirement
  6216 | D:10     | Entered Level 10 of the Dungeon
  6216 | D:10     | Found Dizag's Assorted Antiques.
  6421 | D:10     | Noticed a hill giant
  6430 | D:10     | Killed a hill giant
  6459 | D:10     | Noticed a two-headed hydra
  6477 | D:10     | Killed a two-headed hydra
  6477 | D:10     | Received a gift from Okawaru
  6493 | D:10     | Reached XP level 11. HP: 61/69 MP: 8/11
  6496 | D:10     | Reached skill level 5 in Short Blades
  6508 | D:10     | Got a pair of crude boots {god gift}
  6514 | D:10     | Identified the +1 pair of boots "Qutzec" {MR+ Stlth+} (Okawaru gifted it to you on level 10 of the Dungeon)
  6693 | D:10     | Reached skill level 1 in Invocations
  6706 | D:10     | Reached skill level 9 in Shields
  7029 | D:10     | Found a staircase to the Lair.
  7519 | D:11     | Noticed Nergalle
  7538 | D:11     | Killed Nergalle
  7672 | D:11     | Noticed Gastronok
  7690 | D:11     | Killed Gastronok
  7739 | D:11     | Reached skill level 10 in Shields
  7739 | D:11     | Reached XP level 12. HP: 76/76 MP: 12/12
  7992 | D:11     | Noticed a tengu warrior
  8008 | D:11     | Killed a tengu warrior
  8008 | D:11     | Received a gift from Okawaru
  8037 | D:11     | Noticed a salamander stormcaller
  8047 | D:11     | Noticed a deep elf annihilator
  8052 | D:11     | Killed from afar by a salamander stormcaller

Vault maps used:
D:1:      mrwooster_arrival_arrow
D:2:      first_bread, corexii_shack, nicolae_ru_great_annihilating_truth
D:3:      vehumet_crystals, old_standard_altar, ecumenical_altar_2,
          roderic_st_hans_cross, okawaru_metal_pillars_1_2
D:4:      serial_shops, shop, kennysheep_generic_room_3
D:5:      temple_fountains, minmay_ogre_servants, uniq_edmund
D:6:      nicolae_overflow_quartered_altars, serial_shops, shop_fountains,
          kennysheep_generic_room_10
D:7:      kennysheep_mini_moat, serial_shops, nicolae_shop_statue_plus
D:8:      serial_shops, shop
D:10:     lair_0_dummy, serial_shops, shop, hangedman_ranch
D:11:     minmay_evil_grid, uniq_gastronok, uniq_nergalle

Action                   |  1- 3 |  4- 6 |  7- 9 | 10-12 || total
-------------------------+-------+-------+-------+-------++-------
Melee: Flail             |   109 |   214 |   307 |       ||   630
       Rapier            |       |       |   108 |   431 ||   539
Throw: Tomahawk          |       |       |    10 |     9 ||    19
Invok: Heroism           |       |       |     1 |     4 ||     5
  Use: Scroll            |       |     8 |     1 |    10 ||    19
       Potion            |       |     6 |     2 |     6 ||    14
 Stab: Sleeping          |       |       |       |     1 ||     1
  Eat: Chunk             |       |     7 |     9 |    10 ||    26
       Bread ration      |       |       |     1 |       ||     1
